 Dungeon Crawl Stone Soup version 0.29-a0-648-g6b26cc9f40 (webtiles) character file.

Game seed: 14435166910663173995

294854 miscthings the Spry (level 22, -3/60 (198) HPs)
             Began as a Meteoran Monk on June 21, 2022.
             Was an Initiate of the Shining One.
             Slain by a titan (20 damage)
             ... created by the fury of Okawaru
             ... on level 12 of the Dungeon.
             The game lasted 01:50:26 (24557 turns).

miscthings the Spry (Meteoran Monk)                Turns: 24557, Time: 01:50:26

HP:   -3/60 (198)   AC: 30    Str: 21    XL:     22   Next: 20%
MP:   33/33         EV: 29    Int: 20    God:    the Shining One [......]
Gold: 3380          SH:  4    Dex: 20    Spells: 24/41 levels left

rFire   + . .      SeeInvis +   c - +9 dire flail of Ryock {venom, +Blink rF+ Dex+3}
rCold   . . .      Faith    .   (shield currently unavailable)
rNeg    . . .      Spirit   .   M - +4 troll leather armour
rPois   +          Reflect  .   P - +1 hat
rElec   .          Harm     .   R - +0 cloak
rCorr   .          Rampage  .   d - +2 pair of gloves
Will    +++..      Rnd*Tele +   q - +3 pair of boots of Zemitiec {+Inv Int+4}
Stlth   +.........              Q - amulet of regeneration
HPRegen 1.80/turn               S - ring "Hisen" {rPois EV+4 SInv}
MPRegen 0.23/turn               O - ring of the Tortoise {AC+8}

@: glowing, extremely drained, unable to read
A: sense surroundings 3, otherworldly, glowing, explore regen, talons 1, large
bone plates 1, low MP 1, strong-willed 1, teleportitis 1, inability to read
while threatened
}: 3/15 runes: decaying, slimy, gossamer
a: Renounce Religion, Evoke Blink, Evoke Invisibility


You were on level 12 of the Dungeon.
You worshipped the Shining One.
The Shining One was noncommittal.
You visited 8 branches of the dungeon, and saw 38 of its levels.
You also visited: Sewer, Gauntlet and Ice Cave.

You collected 4507 gold pieces.
You spent 1127 gold pieces at shops.

Inventory:

Hand Weapons
 c - the +9 dire flail of Ryock (weapon) {venom, +Blink rF+ Dex+3}
   (Okawaru gifted it to you on level 10 of the Dungeon)

   It poisons the flesh of those it strikes.
   Dex:       It affects your dexterity (+3).
   rF:        It protects you from fire.
   +Blink:    It lets you blink.
 B - a +9 vampiric demon whip
Missiles
 w - 9 curare-tipped darts (quivered)
Armour
 d - a +2 pair of gloves (worn)
 e - a +0 kite shield of cold resistance
 q - the +3 pair of boots of Zemitiec (worn) {+Inv Int+4}
   (Okawaru gifted it to you on level 12 of the Dungeon)

   Int:       It affects your intelligence (+4).
   +Inv:      It lets you turn invisible.
 s - the +4 chain mail of Cihounuh {rElec rN+}
   (Okawaru gifted it to you on level 5 of the Pits of Slime)

   rElec:     It insulates you from electricity.
   rN:        It protects you from negative energy.
 t - the +0 pair of boots of Fun and Games {rF+ Will+}
   (You acquired it on level 11 of the Dungeon)

   rF:        It protects you from fire.
   Will:      It increases your willpower.
 J - the +3 pair of mountain boots {rDislodge, rC+}
   (You found it on level 5 of the Pits of Slime)

   It prevents involuntary movement from physical forces.
   rC:        It protects you from cold.
 M - a +4 troll leather armour (worn)
 P - a +1 hat (worn)
 R - a +0 cloak (worn)
 V - the +3 pair of seven-league boots {Rampage+∞}
   (You found it in a Gauntlet)

   Its wearer moves as far as possible in that direction when moving towards
   enemies.
Jewellery
 h - a ring of protection from fire
 x - a ring of ice
 K - a ring of fire
 O - the ring of the Tortoise (right hand) {AC+8}
   (You found it on level 7 of the Dungeon)

   [ring of protection]

   AC:        It affects your AC (+8).
 Q - an amulet of regeneration (around neck)
 S - the ring "Hisen" (left hand) {rPois EV+4 SInv}
   (You found it in a Gauntlet)

   [ring of evasion]

   EV:        It affects your evasion (+4).
   rPois:     It protects you from poison.
   SInv:      It lets you see invisible.
 U - the amulet of the Four Winds {rN+ Will+++ Clar}
   (You found it on level 3 of the Elven Halls)

   [amulet of nothing]

   rN:        It protects you from negative energy.
   Clar:      It protects you against confusion.
   Will:      It greatly increases your willpower.
Wands
 a - a wand of quicksilver (26)
 r - a wand of flame (29)
 F - a wand of paralysis (16)
 W - a wand of iceblast (13)
Scrolls
 g - 2 scrolls of brand weapon
 j - 5 scrolls of immolation
 k - 8 scrolls of magic mapping
 l - 2 scrolls of fear
 m - 12 scrolls of teleportation
 u - 6 scrolls of poison
 v - 6 scrolls of vulnerability
 D - 2 scrolls of fog
 E - 6 scrolls of blinking
 G - 2 scrolls of summoning
 N - a scroll of silence
Potions
 b - 16 potions of heal wounds
 f - 2 potions of attraction
 i - 2 potions of might
 n - 3 potions of haste
 o - 6 potions of magic
 p - 3 potions of brilliance
 y - 5 potions of ambrosia
 z - 11 potions of curing
 H - 3 potions of mutation
 I - a potion of resistance
 L - 3 potions of flight
 Y - 4 potions of lignification
 Z - 4 potions of cancellation
Miscellaneous
 A - a phantom mirror
 T - a condenser vane
 X - a tin of tremorstones (inert)


   Skills:
 - Level 16.8 Fighting
 - Level 14.0 Maces & Flails
 - Level 4.0 Throwing
 - Level 17.5 Armour
 - Level 18.0 Dodging
 - Level 1.4 Stealth
 - Level 15.1 Shields
 - Level 10.0 Spellcasting
 + Level 15.6 Fire Magic
 - Level 12.0 Invocations
 - Level 13.0 Evocations


You had 24 spell levels left.
You knew the following spells:

 Your Spells              Type           Power      Damage    Failure   Level
a - Fire Storm            Conj/Fire      20%        8d5       100%        9
b - Ignition              Fire           32%        3d10      63%         8

Your spell library contained the following spells:

 Spells                   Type           Power      Damage    Failure   Level
 Scorch                   Fire           100%       2d10      1%          2
 Conjure Flame            Conj/Fire      41%        6-21      1%          3
 Inner Flame              Hex/Fire       41%        N/A       1%          3
 Sticky Flame             Conj/Fire      41%        2d6       3%          4
 Apportation              Tloc           20%        N/A       8%          1
 Beastly Appendage        Tmut           20%        N/A       8%          1
 Freeze                   Ice            40%        1d6       8%          1
 Magic Dart               Conj           40%        1d5       8%          1
 Necrotize                Necr           40%        1d6       8%          1
 Shock                    Conj/Air       40%        1d5       8%          1
 Slow                     Hex            40%        N/A       8%          1
 Summon Small Mammal      Summ           40%        N/A       8%          1
 Fireball                 Conj/Fire      20%        3d10      9%          5
 Blink                    Tloc           20%        N/A       12%         2
 Ensorcelled Hibernation  Hex/Ice        20%        N/A       12%         2
 Poisonous Vapours        Pois/Air       20%        N/A       12%         2
 Static Discharge         Conj/Air       10%        N/A       12%         2
 Wereblood                Tmut           10%        N/A       12%         2
 Call Canine Familiar     Summ           10%        N/A       22%         3
 Confusing Touch          Hex            10%        N/A       22%         3
 Gell's Gravitas          Tloc           10%        N/A       22%         3
 Lesser Beckoning         Tloc           10%        N/A       22%         3
 Mephitic Cloud           Conj/Pois/Air  10%        N/A       22%         3
 Ozocubu's Armour         Ice            10%        N/A       22%         3
 Portal Projectile        Hex/Tloc       20%        N/A       22%         3
 Spider Form              Tmut/Pois      10%        N/A       22%         3
 Summon Guardian Golem    Hex/Summ       10%        N/A       22%         3
 Swiftness                Air            10%        N/A       22%         3
 Teleport Other           Tloc           10%        N/A       22%         3
 Tukima's Dance           Hex            10%        N/A       22%         3
 Vampiric Draining        Necr           10%        2d6       22%         3
 Starburst                Conj/Fire      20%        6d7       43%         6
 Airstrike                Air            5%         N/A       58%         4
 Anguish                  Hex/Necr       5%         N/A       58%         4
 Animate Armour           Summ/Erth      20%        N/A       58%         4
 Animate Dead             Necr           10%        N/A       58%         4
 Cause Fear               Hex            5%         N/A       58%         4
 Corpse Rot               Necr/Pois/Air  10%        N/A       58%         4
 Dispel Undead            Necr           10%        3d9       58%         4
 Fulminant Prism          Conj/Hex       5%         3d7       58%         4
 Iskenderun's Mystic Bla  Conj/Tloc      10%        2d4       58%         4
 Leda's Liquefaction      Hex/Erth       5%         N/A       58%         4
 Passage of Golubria      Tloc           10%        N/A       58%         4
 Petrify                  Tmut/Erth      10%        N/A       58%         4
 Summon Ice Beast         Ice/Summ       10%        N/A       58%         4
 Agony                    Necr           10%        N/A       91%         5
 Alistair's Intoxication  Tmut/Pois      6%         N/A       91%         5
 Blade Hands              Tmut           5%         N/A       91%         5
 Borgnjor's Vile Clutch   Necr/Erth      5%         N/A       91%         5
 Freezing Cloud           Conj/Ice/Air   5%         6-21      91%         5
 Irradiate                Conj/Tmut      5%         3d15      91%         5
 Iskenderun's Battlesphe  Conj           10%        2d6       91%         5
 Lee's Rapid Deconstruct  Erth           5%         3d7*      91%         5
 Lightning Bolt           Conj/Air       5%         1d17      91%         5
 Manifold Assault         Tloc           10%        N/A       91%         5
 Metabolic Englaciation   Hex/Ice        5%         N/A       91%         5
 Summon Forest            Summ/Tloc      5%         N/A       91%         5
 Yara's Violent Unravell  Hex/Tmut       5%         3d4       91%         5
 Death Channel            Necr           5%         N/A       100%        6
 Dispersal                Tloc           5%         N/A       100%        6
 Eringya's Noxious Bog    Tmut/Pois      5%         N/A       100%        6
 Iron Shot                Conj/Erth      5%         9d2       100%        6
 Simulacrum               Ice/Necr       5%         N/A       100%        6
 Statue Form              Tmut/Erth      6%         N/A       100%        6
 Dragon Form              Tmut           5%         N/A       100%        7
 Haunt                    Necr/Summ      5%         N/A       100%        7
 Orb of Destruction       Conj           5%         9d5       100%        7
 Ozocubu's Refrigeration  Ice            5%         4d6       100%        7
 Spellforged Servitor     Conj/Summ      5%         N/A       100%        7
 Summon Hydra             Summ           5%         N/A       100%        7
 Discord                  Hex            5%         N/A       100%        8
 Lehudib's Crystal Spear  Conj/Erth      5%         10d3      100%        8
 Maxwell's Capacitive Co  Air            5%         ∞         100%        8
 Dragon's Call            Summ           5%         N/A       100%        9
 Polar Vortex             Ice            5%         N/A       100%        9


Dungeon Overview and Level Annotations

Branches:
Dungeon (13/15) Zot: 192   Temple (1/1) D:5 Zot: 462    Lair (6/6) D:11 Zot: 163
  Swamp (4/4) Lair:2 Zot: 146  Spider (4/4) Lair:3 Zot: 93   Slime (5/5) Lair:6 Zot: 1463
    Orc (2/2) D:11 Zot: 194     Elf (3/3) Orc:2 Zot: 52   Sewer (visited)
  IceCv (visited)         Gauntlet (visited)
 Vaults: D:13-14

Altars:
Ashenzari
Cheibriados
Dithmenos
Elyvilon
Fedhas
Gozag
Hepliaklqana
Kikubaaqudgha
Makhleb
Nemelex Xobeh
Okawaru
Qazlal
Ru
Sif Muna
Trog
Uskayaw
Vehumet
Wu Jian
Xom
Yredelemnul
Zin
The Shining One
Jiyva

Shops:
D:2 [   Orc:2 ::?*

Annotations:
D:5 2 runed translucent doors, SkeletonJelly's ghost, novice DsFi
D:9 2 transporters, Cecillian's ghost, journeyman FoHu
Elf:2 3 runed translucent doors


Innate Abilities, Weirdness & Mutations

You passively map a large area around you.
You are easily found by Zot.
You glow in the dark.
You regain HP and MP as you explore.
You have sharp toenails.
You are partially covered in large bone plates. (SH +4)
Your magical capacity is low. (-10% MP)
You are strong-willed. (Will+)
You are occasionally teleported next to monsters.
You sometimes lose the ability to read scrolls when taking damage.


Message History

There is an open door here.
Okawaru sends forces against you! 2 elves, a yellow draconian, a titan and a frost giant come into view.
A deep elf blademaster is wielding two +2 rapiers of flaming.
The frost giant is wielding a +2 battleaxe of freezing.
Okay, then.
You closely miss the deep elf blademaster.
You barely miss the deep elf blademaster.
You completely miss the deep elf blademaster.
The deep elf blademaster hits you with a +2 rapier of flaming!
The deep elf blademaster burns you.
The deep elf blademaster hits you but does no damage.
The frost giant completely misses you. The titan misses you.
Okay, then.
The tremorstone explodes into fragments!
The burst of rock shards engulfs the yellow draconian.
The burst of rock shards engulfs the frost giant! x2
The burst of rock shards engulfs the yellow draconian!
The burst of rock shards engulfs the frost giant!
The burst of rock shards engulfs the yellow draconian!
The deep elf blademaster hits you but does no damage.
You block the deep elf blademaster's attack. x2
The deep elf blademaster closely misses you.
The frost giant hits you but does no damage.
You block the titan's attack.
The tremorstone explodes into fragments!
The burst of rock shards engulfs the yellow draconian!
The burst of rock shards engulfs the frost giant. x2
The burst of rock shards engulfs the yellow draconian!
The burst of rock shards engulfs the frost giant!
The burst of rock shards engulfs the yellow draconian!
The tin is emptied!
The deep elf blademaster completely misses you.
The deep elf blademaster hits you with a +2 rapier of flaming.
The deep elf blademaster burns you.
The frost giant points at you and mumbles some strange words.
The bolt of cold hits you!!
You feel threatened and lose the ability to read scrolls!
* * * LOW HITPOINT WARNING * * *
The titan hits you!!
You die...

* ,, , * , , , , , *
,, ,, ,, * , ,* ,*
#+# * * .#* #e# .##
#e# * ..# #@#### #.#
#CCd.# #.#
######'#### ###.##
#.........# ###....#
#.....)...###......#
#.....))..'...#.....
#.....)...#####....#
#####+##### #....# *
, ##.###


You could see a titan, a deep elf blademaster, a frost giant, a yellow draconian
and a deep elf master archer.

Vanquished Creatures
  the Royal Jelly (Slime:5)
  Bai Suzhen (Spider:2)
  Arachne (Spider:2)
  Rupert (Lair:3)
  Jorgrun (Spider:3)
  2 deep elf master archers (Elf:3)
  2 deep elf blademasters (Elf:3)
  4 thorn hunters
  15 acid blobs
  Roxanne (Spider:2)
  6 azure jellies
  The ghost of Juvaocw the Spry, an adept DjGl of Gozag (Swamp:3)
  13 rockslimes
  A fenstrider witch (Swamp:3)
  5 deep elf sorcerers (Elf:3)
  4 emperor scorpions
  5 ghost moths
  An orc warlord (Orc:1)
  Aizul (Elf:2)
  3 deep elf elementalists
  3 broodmothers
  2 ghouls (Swamp:4)
  10 quicksilver oozes
  4 deep elf demonologists (Elf:3)
  4 dire elephants (Lair:6)
  2 eleionomae
  8 deep elf annihilators
  A minotaur (Gauntlet)
  3 spark wasps
  8 entropy weavers
  9 bunyips
  3 deep elf death magi (Elf:3)
  2 deep elf high priests (Elf:3)
  The ghost of Pooter the Carver, a journeyman MiMo of Okawaru (Orc:2)
  7 great orbs of eyes
  5 boulder beetles
  Fannar (Lair:3)
  4 vault guards (Elf:2)
  Harold (D:9)
  A catoblepas (Lair:5)
  2 jorogumos
  29 hydras
  5 two-headed ogres (D:10)
  A death knight (D:12)
  A radroach (Spider:3)
  A centaur warrior (D:10)
  6 dancing weapons
  9 death yaks
  6 alligators
  2 spriggan berserkers (Swamp:4)
  2 orc high priests
  A spectral dire elephant (Lair:6)
  9 deep elf knights
  Nergalle (Lair:3)
  2 sun moths
  5 pharaoh ants
  14 orb spiders
  An obsidian statue (Lair:6)
  5 spriggan druids
  9 goliath frogs
  5 steelbarb worms
  A spectral anaconda (Lair:6)
  2 death drakes
  9 swamp dragons
  4 deep elf archers
  14 bog bodies
  4 necromancers
  17 deep elf pyromancers
  15 deep elf zephyrmancers
  6 orc sorcerers
  7 shining eyes
  An ugly thing (D:11)
  21 wolf spiders
  6 will-o-the-wisps
  12 elephants
  A cyclops (D:10)
  A dire elephant zombie (Lair:6)
  5 black mambas
  Joseph (D:8)
  8 torpor snails
  An eye of devastation (Slime:3)
  2 moths of wrath
  13 cane toads
  An ice statue (IceCv)
  A dire elephant skeleton (Lair:6)
  4 demonic crawlers
  3 gargoyles
  An anaconda simulacrum (IceCv)
  4 entropy weaver simulacra (IceCv)
  9 freezing wraiths (IceCv)
  7 rime drakes
  9 komodo dragons
  5 trolls
  10 ice devils
  3 polar bears
  9 hornets
  Grinder (D:3)
  5 tyrant leeches
  15 tarantellas
  30 slime creatures
  30 blink frogs
  A raiju (Gauntlet)
  A spectral elephant (Lair:6)
  7 dream sheep (Lair:6)
  14 jumping spiders
  16 culicivoras
  An air elemental (Elf:2)
  A vampire (D:13)
  3 wyverns
  4 water elementals
  60 yaks
  8 spriggans
  Grum (D:9)
  4 fire elementals
  16 steam dragons
  7 basilisks
  11 golden eyes (Slime:5)
  44 redbacks
  8 vampire mosquitoes
  12 swamp worms
  A death yak simulacrum (IceCv)
  3 wargs
  5 acid dragons
  18 water moccasins
  2 floating eyes
  19 orc warriors
  7 swamp drakes
  An elephant zombie (Lair:6)
  An ice beast (D:6)
  3 ogres
  8 wolves
  9 centaurs
  A phantom (D:4)
  7 kobold brigands
  7 bullfrogs
  3 necrophages
  3 gnoll sergeants
  2 two-headed ogre simulacra (IceCv)
  An earth elemental (Elf:3)
  A scorpion (D:6)
  3 cane toad simulacra (IceCv)
  8 killer bees
  9 elephant simulacra (IceCv)
  6 electric eels
  2 howler monkeys (D:10)
  20 orc priests
  7 hounds
  3 gnoll shamans
  2 jellies
  2 iguanas (D:6)
  Terence (D:2)
  40 orc wizards
  5 hell rats (Lair:5)
  3 polar bear simulacra (IceCv)
  4 wolf simulacra (IceCv)
  Robin (D:2)
  22 gnolls
  5 adders
  A naga simulacrum (IceCv)
  6 river rats (Sewer)
  6 white imps
  5 ufetubi
  4 worms
  A dart slug (D:2)
  62 orcs
  14 ball pythons
  An endoplasm (D:1)
  5 giant cockroaches
  11 goblins
  12 hobgoblins
  4 quokkas
  3 bats
  2 frilled lizards
  22 kobolds
  21 rats
  A fungus (Lair:6)
1207 creatures vanquished.

Vanquished Creatures (others)
  Nikola (Spider:2)
  A deep elf knight (Elf:2)
  A deep elf archer (Elf:1)
  A rime drake (Lair:2)
  A bloated husk (Swamp:2)
  A tarantella (Spider:4)
  A swamp drake (Swamp:4)
  A briar patch (Swamp:2)
  32 foxfires
  25 fungi
  46 plants
  14 withered plants (Lair:6)
125 creatures vanquished.

Grand Total: 1332 creatures vanquished

Notes
Turn   | Place    | Note
-------+----------+-------------------------------------------
     0 | D:1      | miscthings the Meteoran Monk began the quest for the Orb.
     0 | D:1      | Reached XP level 1. HP: 19/19 MP: 2/2
   181 | D:1      | Reached XP level 2. HP: 26/26 MP: 3/3
   284 | D:1      | Reached skill level 5 in Maces & Flails
   300 | D:1      | Reached XP level 3. HP: 16/31 MP: 4/4
   521 | D:2      | Found the amulet of Elemental Vulnerability {rPois rF--
                  | rC-- AC+8}
   619 | D:2      | Reached XP level 4. HP: 38/38 MP: 5/5
   636 | D:2      | Noticed Robin
   686 | D:2      | Killed Robin
   722 | D:2      | Noticed Terence
   736 | D:2      | Killed Terence
   737 | D:2      | Reached XP level 5. HP: 29/45 MP: 6/6
   943 | D:2      | Found Nyruuc's Antique Armour Emporium.
  1084 | D:2      | Glimpsed the power of Zot.
  1097 | D:3      | Found a glowing drain.
  1108 | D:3      | Noticed a water moccasin
  1130 | D:3      | Killed a water moccasin
  1131 | D:3      | Reached XP level 6. HP: 10/51 MP: 7/7
  1162 | Sewer    | Entered a sewer
  1266 | Sewer    | Reached XP level 7. HP: 38/57 MP: 8/8
  1300 | Sewer    | Reached skill level 10 in Maces & Flails
  1430 | Sewer    | Reached XP level 8. HP: 9/63 MP: 9/9
  1681 | Sewer    | Glimpsed the power of Zot.
  1728 | D:3      | Got Sif Muna's Tome of Destructive Clay
  1832 | D:3      | Noticed Grinder
  1846 | D:3      | Paralysed by Grinder for 4 turns
  1848 | D:3      | Found a shadowy altar of Dithmenos.
  1856 | D:3      | Killed Grinder
  2214 | D:3      | Glimpsed the power of Zot.
  2332 | D:4      | Reached skill level 1 in Throwing
  2332 | D:4      | Reached skill level 1 in Armour
  2460 | D:4      | Reached skill level 4 in Dodging
  2460 | D:4      | Gained mutation: You passively map the area around you.
                  | [Meteoran growth]
  2460 | D:4      | Reached XP level 9. HP: 71/71 MP: 5/10
  2847 | D:4      | Glimpsed the power of Zot.
  2861 | D:5      | Entered Level 5 of the Dungeon
  2893 | D:5      | Found a glowing golden altar of the Shining One.
  2902 | D:5      | Found a basalt altar of Yredelemnul.
  2916 | D:5      | Found a runed translucent door.
  2921 | D:5      | Noticed SkeletonJelly's ghost (novice DsFi)
  3010 | D:5      | Found a staircase to the Ecumenical Temple.
  3019 | Temple   | Entered the Ecumenical Temple
  3127 | Temple   | Became a worshipper of Warmaster Okawaru
  3127 | Temple   | Reached * piety under Okawaru
  3127 | Temple   | Reached ** piety under Okawaru
  3183 | D:5      | Found a runed translucent door.
  3497 | D:6      | Reached skill level 1 in Invocations
  3509 | D:6      | Reached skill level 5 in Dodging
  4054 | D:7      | Found the ring of the Tortoise {AC+8}
  4114 | D:7      | Reached skill level 5 in Fighting
  4180 | D:7      | Reached XP level 10. HP: 81/81 MP: 10/13
  4192 | D:7      | Found a glowing silver altar of Zin.
  4193 | D:7      | Noticed an angel
  4234 | D:7      | Reached *** piety under Okawaru
  4235 | D:7      | Reached skill level 6 in Dodging
  4626 | D:7      | Reached skill level 5 in Armour
  4758 | D:8      | Found a stormy altar of Qazlal.
  4784 | D:8      | Identified the +3 long sword of Karhatz {flame, *Noise
                  | rElec rF++ Str+3}
  4792 | D:8      | Reached skill level 5 in Invocations
  4799 | D:8      | Noticed Joseph
  4814 | D:8      | Killed Joseph
  4815 | D:8      | Reached skill level 7 in Dodging
  5158 | D:9      | Noticed Grum
  5173 | D:9      | Killed Grum
  5173 | D:9      | Reached **** piety under Okawaru
  5173 | D:9      | Received a gift from Okawaru
  5215 | D:9      | Noticed a deep elf pyromancer
  5219 | D:9      | Killed a deep elf pyromancer
  5253 | D:9      | Reached XP level 11. HP: 92/92 MP: 16/16
  5272 | D:9      | Reached skill level 8 in Dodging
  5801 | D:9      | Reached ***** piety under Okawaru
  5848 | D:9      | Found a transporter.
  5850 | D:9      | Found a transporter.
  5851 | D:9      | Noticed a two-headed ogre
  5851 | D:9      | Noticed Cecillian's ghost (journeyman FoHu)
  5851 | D:9      | Noticed a two-headed ogre
  5852 | D:9      | Noticed a two-headed ogre
  5854 | D:9      | Noticed a two-headed ogre
  5855 | D:9      | Noticed a two-headed ogre
  5935 | D:9      | Noticed Harold
  5949 | D:9      | Killed Harold
  5949 | D:9      | Received a gift from Okawaru
  5950 | D:9      | Reached skill level 9 in Dodging
  6002 | D:10     | Entered Level 10 of the Dungeon
  6019 | D:10     | Noticed a two-headed ogre
  6030 | D:10     | Killed a two-headed ogre
  6030 | D:10     | Received a gift from Okawaru
  6031 | D:10     | Reached skill level 1 in Evocations
  6051 | D:10     | Found a shimmering altar of Xom.
  6173 | D:10     | Identified the +9 dire flail of Ryock {venom, +Blink rF+
                  | Dex+3} (Okawaru gifted it to you on level 10 of the
                  | Dungeon)
  6173 | D:10     | Received a gift from Okawaru
  6235 | D:10     | Noticed a two-headed ogre
  6238 | D:10     | Killed a two-headed ogre
  6308 | D:10     | Noticed a two-headed ogre
  6317 | D:10     | Killed a two-headed ogre
  6372 | D:10     | Reached XP level 12. HP: 96/103 MP: 19/19
  6453 | D:10     | Noticed an orc high priest
  6469 | D:10     | Killed an orc high priest
  6475 | D:10     | Noticed a centaur warrior
  6490 | D:10     | Killed a centaur warrior
  6504 | D:10     | Noticed a two-headed ogre
  6514 | D:10     | Killed a two-headed ogre
  6724 | D:10     | Noticed a two-headed ogre
  6732 | D:10     | Killed a two-headed ogre
  6733 | D:10     | Reached skill level 10 in Dodging
  6789 | D:9      | Glimpsed the power of Zot.
  6809 | D:11     | Identified a scroll of acquirement
  6811 | D:11     | Acquired the +0 pair of boots of Fun and Games {rF+ Will+}
  6836 | D:11     | Reached ****** piety under Okawaru
  6922 | D:11     | Found a staircase to the Orcish Mines.
  6957 | D:11     | Identified the +1 plate armour "Qegg" {Will+ Regen+}
                  | (Okawaru gifted it to you on level 11 of the Dungeon)
  6957 | D:11     | Received a gift from Okawaru
  7053 | D:11     | Found a staircase to the Lair.
  7142 | D:11     | Found a frozen archway.
  7158 | IceCv    | Entered an ice cave
  7241 | IceCv    | Reached skill level 10 in Invocations
  7241 | IceCv    | Reached skill level 5 in Evocations
  7255 | IceCv    | Reached XP level 13. HP: 111/111 MP: 0/21
  7325 | IceCv    | Found an ancient bone altar of Kikubaaqudgha.
  7344 | IceCv    | Reached skill level 1 in Shields
  7354 | IceCv    | Reached skill level 10 in Armour
  7384 | IceCv    | Reached skill level 10 in Fighting
  7465 | IceCv    | Received a gift from Okawaru
  7473 | IceCv    | Reached skill level 11 in Dodging
  7516 | IceCv    | Got the Papyrus of the Lethal Frostbite
  7929 | D:11     | Glimpsed the power of Zot.
  7953 | Orc:1    | Entered Level 1 of the Orcish Mines
  7969 | Orc:1    | Noticed an orc warlord
  8003 | Orc:1    | Killed an orc warlord
  8322 | Orc:2    | Entered Level 2 of the Orcish Mines
  8346 | Orc:2    | Received a gift from Okawaru
  8362 | Orc:2    | Found a staircase to the Elven Halls.
  8403 | Orc:2    | Noticed Pooter's ghost (journeyman MiMo)
  8406 | Orc:2    | Found a runed translucent gate.
  8406 | Orc:2    | Found a runed translucent gate.
  8406 | Orc:2    | Found a runed translucent gate.
  8422 | Orc:2    | Killed Pooter's ghost
  8532 | Orc:2    | Received a gift from Okawaru
  8671 | Orc:2    | Reached XP level 14. HP: 112/122 MP: 15/23
  8718 | Orc:2    | Received a gift from Okawaru
  8720 | Orc:2    | Reached skill level 5 in Shields
  8784 | Orc:2    | Found Impiehom's General Store.
  8784 | Orc:2    | Found Izue's Book Emporium.
  8784 | Orc:2    | Found Pykhen's Magic Scroll Shoppe.
  8788 | Orc:2    | Found Anap's Book Emporium.
  8831 | Orc:2    | Bought a potion of cancellation for 104 gold pieces
  8831 | Orc:2    | Bought a potion of curing for 39 gold pieces
  8834 | Orc:2    | Bought 2 scrolls of teleportation for 96 gold pieces
  8834 | Orc:2    | Bought a scroll of enchant weapon for 120 gold pieces
  8834 | Orc:2    | Bought a scroll of silence for 120 gold pieces
  8834 | Orc:2    | Bought a scroll of enchant armour for 120 gold pieces
  8834 | Orc:2    | Bought a scroll of immolation for 56 gold pieces
  8834 | Orc:2    | Bought a scroll of identify for 32 gold pieces
  9172 | D:11     | Glimpsed the power of Zot.
  9194 | Lair:1   | Entered Level 1 of the Lair of Beasts
  9282 | Lair:1   | Identified the +7 whip of Risk Management {drain, Contam
                  | rN+ Int+2}
  9713 | Lair:1   | Glimpsed the power of Zot.
  9728 | Lair:2   | Reached skill level 12 in Dodging
 10108 | Lair:2   | Found a staircase to the Swamp.
 10248 | Lair:3   | Received a gift from Okawaru
 10442 | Lair:3   | Found a hole to the Spider Nest.
 10543 | Lair:3   | Noticed Fannar
 10544 | Lair:3   | Found a gate leading to a gauntlet.
 10561 | Lair:3   | Noticed Nergalle
 10562 | Lair:3   | Killed Fannar
 10575 | Lair:3   | Killed Nergalle
 10575 | Lair:3   | Identified the +1 plate armour "Jalociar" {Int+2} (Okawaru
                  | gifted it to you on level 3 of the Lair of Beasts)
 10575 | Lair:3   | Received a gift from Okawaru
 10576 | Lair:3   | Reached XP level 15. HP: 131/132 MP: 17/25
 10583 | Gauntlet | Entered a Gauntlet
 10583 | Gauntlet | Found a transporter.
 10583 | Gauntlet | Found a transporter.
 10597 | Gauntlet | Found a transporter.
 10601 | Gauntlet | Found a transporter.
 10609 | Gauntlet | Found a transporter.
 10613 | Gauntlet | Found a transporter.
 10623 | Gauntlet | Noticed a broodmother
 10623 | Gauntlet | a satyr changed into a broodmother
 10624 | Gauntlet | Found a transporter.
 10629 | Gauntlet | a broodmother changed into an ettin
 10640 | Gauntlet | Found a transporter.
 10651 | Gauntlet | Found a transporter.
 10655 | Gauntlet | Found a transporter.
 10663 | Gauntlet | Found a transporter.
 10667 | Gauntlet | Found a transporter.
 10740 | Gauntlet | Identified the +5 chain mail "Reylot" {*Slow rF+ rCorr
                  | Dex+3}
 10801 | Gauntlet | Identified the amulet "Luniw" {Faith Dex+3}
 10819 | Gauntlet | Found the +3 pair of seven-league boots {Rampage+∞}
 10837 | Gauntlet | Identified the ring "Hisen" {rPois EV+4 SInv}
 10844 | Gauntlet | Identified the +3 fire dragon scales of Disappointment
                  | {rElec rF++ rC-}
 10847 | Gauntlet | Identified the +1 chain mail of Xom's Favour {Fly Int-3
                  | Dex+4}
 10976 | Lair:3   | Reached skill level 13 in Dodging
 11104 | Lair:3   | Noticed Rupert
 11139 | Lair:3   | Killed Rupert
 11140 | Lair:3   | Reached skill level 10 in Evocations
 11629 | Lair:4   | Found a hide-covered altar of Uskayaw.
 11629 | Lair:4   | Found an ornate altar of the Wu Jian Council.
 11767 | Lair:4   | Received a gift from Okawaru
 11951 | Lair:5   | Received a gift from Okawaru
 12127 | Lair:5   | Reached XP level 16. HP: 141/141 MP: 26/26
 12201 | Lair:5   | Received a gift from Okawaru
 12649 | Lair:6   | Entered Level 6 of the Lair of Beasts
 12913 | Lair:6   | Reached skill level 14 in Dodging
 12944 | Lair:6   | Found a staircase to the Slime Pits.
 12945 | Lair:6   | Found a viscous altar of Jiyva.
 13085 | Lair:6   | Received a gift from Okawaru
 13219 | Lair:6   | Got Kikubaaqudgh's Disquisition on Black Secrets
 13300 | Lair:6   | Reached skill level 10 in Shields
 13344 | Lair:6   | Received a gift from Okawaru
 13374 | Lair:6   | Identified the ring "Mogugalu" {+Blink Str+6}
 13598 | Lair:6   | Glimpsed the power of Zot.
 13650 | Lair:6   | Glimpsed the power of Zot.
 13667 | Slime:1  | Entered Level 1 of the Pits of Slime
 13717 | Slime:1  | Noticed a rockslime
 13750 | Slime:1  | Killed a rockslime
 13751 | Slime:1  | Paralysed by a great orb of eyes for 4 turns
 13755 | Slime:1  | Gained mutation: You have a pair of small antennae on your
                  | head. [mutagenic glow]
 13832 | Slime:2  | Paralysed by a floating eye for 2 turns
 13834 | Slime:2  | Noticed an acid blob
 13851 | Slime:2  | Killed an acid blob
 13852 | Slime:2  | Reached XP level 17. HP: 121/150 MP: 7/27
 13953 | Slime:3  | Gained mutation: You sometimes lose the ability to read
                  | scrolls when taking damage. [a shining eye]
 14206 | Slime:4  | Noticed an azure jelly
 14215 | Slime:4  | Noticed an azure jelly
 14228 | Slime:4  | Killed an azure jelly
 14240 | Slime:4  | Noticed a rockslime
 14248 | Slime:4  | Noticed a rockslime
 14250 | Slime:4  | Killed an azure jelly
 14250 | Slime:4  | Identified the +4 chain mail of Leapfrog {Stlth+} (Okawaru
                  | gifted it to you on level 4 of the Pits of Slime)
 14250 | Slime:4  | Received a gift from Okawaru
 14308 | Slime:3  | Killed a rockslime
 14515 | Slime:4  | Killed a rockslime
 14560 | Slime:4  | Gained mutation: You tend to lose your temper in combat. [a
                  | shining eye]
 14674 | Slime:5  | Entered Level 5 of the Pits of Slime
 14728 | Slime:5  | Reached skill level 15 in Dodging
 14747 | Slime:5  | Noticed an acid blob
 14749 | Slime:5  | Noticed a rockslime
 14750 | Slime:5  | Noticed an acid blob
 14762 | Slime:5  | Killed an acid blob
 14777 | Slime:5  | Noticed an azure jelly
 14781 | Slime:5  | Killed a rockslime
 14799 | Slime:5  | Killed an acid blob
 14806 | Slime:5  | Paralysed by a floating eye for 2 turns
 14812 | Slime:5  | Noticed an azure jelly
 14817 | Slime:5  | Noticed an acid blob
 14817 | Slime:5  | Gained mutation: You often lose your temper in combat. [a
                  | shining eye]
 14817 | Slime:5  | Noticed an acid blob
 14828 | Slime:5  | Noticed a rockslime
 14829 | Slime:5  | Noticed an acid blob
 14829 | Slime:5  | Killed an azure jelly
 14838 | Slime:5  | Lost mutation: You often lose your temper in combat.
                  | [potion of mutation]
 14838 | Slime:5  | Lost mutation: You tend to lose your temper in combat.
                  | [potion of mutation]
 14838 | Slime:5  | Lost mutation: You have a pair of small antennae on your
                  | head. [potion of mutation]
 14838 | Slime:5  | Gained mutation: You have sharp toenails. [potion of
                  | mutation]
 14838 | Slime:5  | Gained mutation: You are partially covered in large bone
                  | plates. (SH +4) [potion of mutation]
 14838 | Slime:5  | Gained mutation: Your magical capacity is low. (-10% MP)
                  | [potion of mutation]
 14838 | Slime:5  | Noticed an acid blob
 14839 | Slime:5  | Paralysed by a floating eye for 2 turns
 14885 | Slime:5  | Gained mutation: You are strong-willed. (Will+) [a shining
                  | eye]
 14893 | Slime:5  | Paralysed by a floating eye for 3 turns
 14942 | Slime:5  | Killed an acid blob
 14955 | Slime:4  | Killed an acid blob
 15034 | Slime:5  | Killed a rockslime
 15064 | Slime:5  | Noticed a rockslime
 15081 | Slime:5  | Killed a rockslime
 15083 | Slime:5  | Noticed an acid blob
 15085 | Slime:5  | Noticed an acid blob
 15098 | Slime:5  | Killed an acid blob
 15100 | Slime:5  | Killed an acid blob
 15100 | Slime:5  | Received a gift from Okawaru
 15100 | Slime:5  | Killed an acid blob
 15101 | Slime:5  | Reached skill level 15 in Armour
 15123 | Slime:5  | Gained mutation: You are occasionally teleported next to
                  | monsters. [a shining eye]
 15149 | Slime:5  | Killed an acid blob
 15177 | Slime:5  | Found a viscous altar of Jiyva.
 15181 | Slime:5  | Found the +3 pair of mountain boots {rDislodge, rC+}
 15193 | Slime:5  | Noticed the Royal Jelly
 15200 | Slime:5  | Noticed a rockslime
 15201 | Slime:5  | Noticed a rockslime
 15203 | Slime:5  | Noticed an acid blob
 15207 | Slime:5  | Killed a rockslime
 15216 | Slime:5  | Gained mutation: You passively map a large area around you.
                  | [Meteoran growth]
 15216 | Slime:5  | Reached XP level 18. HP: 150/161 MP: 12/25
 15237 | Slime:5  | Killed an acid blob
 15265 | Slime:5  | Noticed an acid blob
 15270 | Slime:5  | Noticed an acid blob
 15270 | Slime:5  | Killed an acid blob
 15279 | Slime:5  | Killed an acid blob
 15286 | Slime:5  | Noticed an acid blob
 15286 | Slime:5  | Noticed an acid blob
 15295 | Slime:5  | Killed an acid blob
 15299 | Slime:5  | Noticed an acid blob
 15303 | Slime:5  | Killed an acid blob
 15304 | Slime:5  | Killed the Royal Jelly
 15304 | Slime:5  | Identified the +4 chain mail of Cihounuh {rElec rN+}
                  | (Okawaru gifted it to you on level 5 of the Pits of Slime)
 15304 | Slime:5  | Received a gift from Okawaru
 15305 | Slime:5  | Killed an acid blob
 15337 | Slime:5  | Got the Collected Works on Toxins
 15347 | Slime:5  | Got the Reference Book on Snow and Weightlessness
 15422 | Slime:5  | Got a slimy rune of Zot
 15463 | Slime:5  | Identified the +5 hand crossbow of True Grit {elec, rPois
                  | Str+2 Stlth+}
 15588 | Lair:6   | Glimpsed the power of Zot.
 15597 | Lair:6   | Glimpsed the power of Zot.
 15598 | Lair:6   | Touched by the power of Zot.
 15644 | Spider:1 | Entered Level 1 of the Spider Nest
 15828 | Spider:1 | Reached skill level 16 in Dodging
 15995 | Spider:1 | Reached skill level 15 in Fighting
 16228 | Spider:1 | Glimpsed the power of Zot.
 16561 | Spider:2 | Noticed Arachne
 16596 | Spider:2 | Killed Arachne
 16745 | Spider:3 | Noticed Bai Suzhen
 16769 | Spider:3 | Received a gift from Okawaru
 16810 | Spider:2 | Killed Bai Suzhen
 16882 | Spider:3 | Reached XP level 19. HP: 116/171 MP: 1/26
 16966 | Spider:3 | Received a gift from Okawaru
 17035 | Spider:2 | Noticed Nikola
 17059 | Spider:2 | Killed Nikola
 17109 | Spider:2 | Reached skill level 17 in Dodging
 17221 | Spider:2 | Acquired 990 gold pieces
 17270 | Spider:2 | Noticed Roxanne
 17315 | Spider:2 | Killed Roxanne
 17315 | Spider:2 | Received a gift from Okawaru
 17415 | Spider:2 | Learned a level 9 spell: Fire Storm
 17715 | Spider:3 | Noticed Jorgrun
 17722 | Spider:3 | Reached skill level 1 in Spellcasting
 17722 | Spider:3 | Reached skill level 1 in Fire Magic
 17749 | Spider:3 | Killed Jorgrun
 17749 | Spider:3 | Identified the +3 scale mail of Plog {-Cast rN+++ Str+4}
                  | (Okawaru gifted it to you on level 3 of the Spider Nest)
 17749 | Spider:3 | Received a gift from Okawaru
 17838 | Spider:3 | Glimpsed the power of Zot.
 17865 | Spider:4 | Entered Level 4 of the Spider Nest
 18338 | Spider:4 | Got a gossamer rune of Zot
 18626 | Spider:1 | Glimpsed the power of Zot.
 18685 | Lair:2   | Glimpsed the power of Zot.
 18690 | Swamp:1  | Entered Level 1 of the Swamp
 18762 | Swamp:1  | Reached XP level 20. HP: 182/182 MP: 19/27
 19062 | Swamp:2  | Reached skill level 5 in Fire Magic
 19162 | Swamp:4  | Entered Level 4 of the Swamp
 19181 | Swamp:4  | Reached skill level 5 in Spellcasting
 19373 | Swamp:4  | Identified the +3 pair of boots of Death Resistance {Int+3}
                  | (Okawaru gifted it to you on level 4 of the Swamp)
 19373 | Swamp:4  | Received a gift from Okawaru
 19413 | Swamp:4  | Reached skill level 15 in Shields
 19455 | Swamp:4  | Reached skill level 18 in Dodging
 19716 | Swamp:4  | Got a decaying rune of Zot
 20424 | Swamp:3  | Found a runed translucent gate.
 20425 | Swamp:3  | Found a runed translucent gate.
 20425 | Swamp:3  | Found a runed translucent gate.
 20425 | Swamp:3  | Noticed Juvaocw's ghost (adept DjGl)
 20439 | Swamp:3  | Reached XP level 21. HP: 164/190 MP: 22/31
 20460 | Swamp:3  | Killed Juvaocw's ghost
 21304 | D:12     | Identified the +3 pair of boots of Zemitiec {+Inv Int+4}
                  | (Okawaru gifted it to you on level 12 of the Dungeon)
 21304 | D:12     | Received a gift from Okawaru
 21625 | Orc:1    | Glimpsed the power of Zot.
 21666 | Orc:2    | Bought a book of Fire for 440 gold pieces
 21675 | Orc:2    | Glimpsed the power of Zot.
 21708 | Elf:1    | Entered Level 1 of the Elven Halls
 21718 | Elf:1    | Learned a level 8 spell: Ignition
 21849 | Elf:1    | Reached skill level 10 in Fire Magic
 21868 | Elf:1    | Reached skill level 10 in Spellcasting
 21893 | Elf:1    | Got Nimat's Handbook of Combat Magic
 22010 | Elf:3    | Entered Level 3 of the Elven Halls
 22689 | Elf:3    | Identified the +8 mace of Xom {vorpal, rC+ Str+4}
 22693 | Elf:3    | Identified the +7 flail of the Extremes {flame, Int+2
                  | Dex+3}
 22694 | Elf:3    | Found the amulet of the Four Winds {rN+ Will+++ Clar}
 22700 | Elf:3    | Identified the +7 hand axe of the Scavenger {flame, Drain
                  | Int+8}
 22704 | Elf:3    | Identified the +2 leather armour of the Bard {Int+2 SInv}
 22710 | Elf:3    | Got Ketyzyc's Disquisition on Aerial Clay
 22725 | Elf:3    | Got the Incunabulum of Aerial Ignition
 22728 | Elf:3    | Identified the +11 trident "Zumeoni" {vorpal, rCorr Str+2}
 22999 | Elf:2    | Found a runed translucent gate.
 22999 | Elf:2    | Found a runed translucent gate.
 23000 | Elf:2    | Found a runed translucent gate.
 23077 | Elf:2    | Received a gift from Okawaru
 23092 | Elf:2    | Reached XP level 22. HP: 198/198 MP: 33/33
 23187 | Elf:2    | Identified the +9 quarterstaff of Pandemonium {flame,
                  | Will+}
 23315 | Elf:3    | Reached skill level 15 in Fire Magic
 23407 | Elf:2    | Noticed Aizul
 23408 | Elf:2    | Identified the +5 dagger "Vearops" {flame, *Rage *Noise
                  | rF+++ MP+9}
 23418 | Elf:2    | Paralysed by an air elemental for 1 turns
 23425 | Elf:2    | Paralysed by an air elemental for 1 turns
 23449 | Elf:2    | Killed Aizul
 23701 | Elf:1    | Glimpsed the power of Zot.
 23759 | Orc:2    | Glimpsed the power of Zot.
 23768 | Orc:1    | Glimpsed the power of Zot.
 23769 | Orc:1    | Touched by the power of Zot.
 24032 | D:5      | Fell from the grace of Okawaru
 24032 | D:5      | Became a worshipper of the Shining One
 24224 | Lair:2   | Glimpsed the power of Zot.
 24262 | Lair:3   | Glimpsed the power of Zot.
 24271 | Lair:3   | Glimpsed the power of Zot.
 24272 | Lair:3   | Touched by the power of Zot.
 24557 | D:12     | Slain by a titan

Illustrated notes

Levels and vault maps discovered:
D:1:      dpeg_arrival_connections, layout_basic,
          chequers_ecumenical_altar_twisty, minmay_pentomino_w4
D:2:      minmay_spotlight, layout_basic, serial_shops,
          nicolae_shop_hallway_plus, uniq_terence, uniq_robin, uniq_jessica
D:3:      layout_loops_ring, nicolae_dithmenos_the_darkroom,
          cheibrodos_sewer_entry_drain, uniq_grinder
D:4:      layout_basic, minmay_puff
D:5:      layout_gridville, yredelemnul_altar_generic,
          mainiacjoe_overflow_tiny_flanked, temple_hall, ebering_ghost_sewer_f,
          sigmund_army
D:6:      layout_cave_pods, minmay_misc_feat_nine_boxes
D:7:      layout_basic, zin_angel, kennysheep_path_1
D:8:      layout_rooms, mainiacjoe_overflow_chevrons, uniq_joseph
D:9:      layout_layer_cave, gammafunk_ghost_smash, guppyfry_early_elven_hall,
          uniq_grum, uniq_harold
D:10:     nzn_winding_woodlands_large [nzn_winding_woodlands_5x5_three,
          nzn_winding_woodlands_5x15_twine, nzn_winding_woodlands_5x5_default,
          nzn_winding_woodlands_center_lodge,
          nzn_winding_woodlands_15x15_eel_pit,
          nzn_winding_woodlands_center_garden,
          nzn_winding_woodlands_5x5_open_star,
          nzn_winding_woodlands_5x15_lazy_stream,
          nzn_winding_woodlands_5x5_closed_star], layout_basic,
          lemuel_doored_altar
D:11:     layout_basic, erik_lair_island, portal_ice_cave_entry_pillars_2
D:12:     layout_roguey
D:13:     layout_loops_ring, elves_outpost_lemuel
Temple:   regret_index_temple_sphere_string
Lair:1:   layout_roguey, st_stairs_10, serial_bayou_shore_b,
          serial_bayou_shore_b, serial_bayou_shore_a, grunt_megastairs_5,
          infiniplex_staircase_pool, lemuel_fruit_tree
Lair:2:   layout_hall_layers, swamp_mist, bobbens_dragon_lair_wall,
          grunt_megastairs_4
Lair:3:   layout_layer_cave, nicolae_spider_entry_orb_guardian,
          gauntlet_entry_generic, minmay_shattered_shrine,
          infiniplex_staircase_pool_2, uniq_nergalle, uniq_fannar, uniq_rupert
Lair:4:   layout_loops_ring, nzn_masters_of_martial_movement
Lair:5:   layout_loops_ring, grunt_forest_large_clearing_hut,
          lemuel_fruit_fields
Lair:6:   due_jungle_book, layout_gridlike, slime_altar_1, patterned_corridor
Swamp:1:  layout_falls_marsh, nicolae_swamp_fairy_circle, swamp_pool5,
          nicolae_swamp_catching_bugs
Swamp:2:  layout_basic_swamp, nicolae_swamp_ascending_descending
Swamp:3:  layout_basic_swamp, gammafunk_ghost_hydra_chop,
          hangedman_swamp_diagram
Swamp:4:  swamp_basic_johnstein, layout_basic_swamp, swamp_pool2
Spider:1: layout_chambers, nicolae_spider_spiderdrome
Spider:2: layout_chambers, nicolae_orb_stairs, uniq_nikola, uniq_roxanne,
          uniq_arachne
Spider:3: layout_spider_delve, nicolae_spider_not_touching_you,
          nicolae_spider_cling_halls, uniq_jorgrun, uniq_bai_suzhen
Spider:4: spider_rune_water
Slime:1:  layout_caves
Slime:2:  layout_caves
Slime:3:  layout_caves, cheibrodos_slime_lost_civilization_4
Slime:4:  layout_caves
Slime:5
Orc:1:    layout_caves
Orc:2:    st_orc_mages, layout_diamond_mine, gammafunk_ghost_split
Elf:1:    elf_arrival_001, layout_loops_corners, minmay_elf_annihilation
Elf:2:    nicolae_elf_blades_splatter_lattice [infiniplex_blade_entry_pillars],
          layout_loops_cross, nicolae_elf_vaults_five_recruitment_drive,
          uniq_aizul, uniq_louise
Elf:3:    minmay_elf_hall_curves, layout_onion_city, serial_shops,
          shop_fountains

Skill      XL: |  1  2  3  4  5  6  7  8  9 10 11 12 13 14 15 16 17 18 19 20 21 22 |
---------------+-------------------------------------------------------------------+-----
Maces & Flails | 5 6 8 9 11 12 14 | 14.0
Throwing       | 1 4 |  4.0
Armour         | 1 4 6 8 9 10 12 13 14 15 16 17 | 17.5
Dodging        | 4 5 7 9 10 11 12 13 14 15 16 17 18 | 18.0
Fighting       | 5 7 8 9 10 11 12 13 14 15 16 | 16.8
Invocations    | 3 6 8 10 11 12 | 12.0
Evocations     | 2 5 7 9 10 12 13 | 13.0
Shields        | 4 7 9 10 12 13 14 15 | 15.1
Spellcasting   | 4 8 10 | 10.0
Fire Magic     | 4 8 14 15 | 15.6
Stealth        | |  1.4

Action                   |  1- 3 |  4- 6 |  7- 9 | 10-12 | 13-15 | 16-18 | 19-21 | 22-24 || total
-------------------------+-------+-------+-------+-------+-------+-------+-------+-------++-------
Melee: Mace              |    62 |   194 |   220 |       |       |       |       |       ||   476
       Punch             |       |     3 |     7 |     2 |       |       |       |       ||    12
       Demon whip        |       |       |   223 |   245 |       |  1164 |  2145 |   157 ||  3934
       Dire flail        |       |       |       |   143 |   724 |       |       |    16 ||   883
       Whip              |       |       |       |       |   389 |   734 |       |       ||  1123
Throw: Dart              |       |       |     2 |    16 |       |       |       |       ||    18
Invok: Finesse           |       |       |       |     1 |     8 |    15 |    16 |     1 ||    41
       Heroism           |       |       |       |       |     9 |    26 |    22 |     2 ||    59
Evoke: Wand              |       |       |       |    10 |     6 |    13 |     4 |     1 ||    34
       Condenser vane    |       |       |       |     1 |     1 |     5 |     1 |       ||     8
       Phial of floods   |       |       |       |       |     2 |     2 |     1 |       ||     5
       Tin of tremorston |       |       |       |       |       |     3 |     5 |     2 ||    10
  Use: Potion            |       |     2 |     6 |       |     2 |     4 |     3 |       ||    17
       Scroll            |       |       |    15 |     9 |     6 |     7 |     7 |     5 ||    49
 Stab: Paralysed         |       |       |       |       |       |    14 |       |       ||    14
       Confused          |       |       |       |       |       |       |     2 |       ||     2
Armor: Robe              |     9 |       |       |       |       |       |       |       ||     9
       Leather armour    |    11 |    44 |       |       |       |       |       |       ||    55
       Ring mail         |       |    69 |   246 |    53 |       |       |       |       ||   368
       Scale mail        |       |       |       |    54 |       |       |       |       ||    54
       Plate armour      |       |       |       |    34 |   564 |   206 |       |       ||   804
       Acid dragon scale |       |       |       |     4 |       |       |       |       ||     4
       Chain mail        |       |       |       |       |       |   302 |   691 |    34 ||  1027
       Troll leather arm |       |       |       |       |       |       |       |     5 ||     5
Dodge: Dodged            |    37 |   116 |   198 |   149 |   535 |   663 |   928 |    63 ||  2689
Block: Kite shield       |       |       |       |       |   234 |   980 |  1623 |    75 ||  2912
       Other             |       |       |       |       |       |       |       |     6 ||     6

Table legend: (Time is in decaauts)
 A = Elapsed time spent in this place.
 B = Non-inter-level travel time spent in this place.
 C = Inter-level travel time spent in this place.
 D = Time resting spent in this place.
 E = Time spent auto-exploring this place.
 F = Levels seen in this place.
 G = Mean time per level.
                   A        B        C        D        E       F      G
               +--------+--------+--------+--------+--------+-----+--------+
         Total |  21784 |  19381 |   2403 |    497 |   8271 |  41 |  531.3 |
       Dungeon |   7606 |   6498 |   1108 |      3 |   3252 |  13 |  585.1 |
        Temple |    137 |    111 |     26 |      0 |     61 |   1 |  137.0 |
          Lair |   3837 |   3372 |    465 |      0 |   1577 |   6 |  639.5 |
         Swamp |   2253 |   2030 |    223 |      0 |    981 |   4 |  563.2 |
   Spider Nest |   2306 |   2074 |    232 |      0 |    727 |   4 |  576.5 |
    Slime Pits |   1536 |   1478 |     58 |    482 |    113 |   5 |  307.2 |
  Orcish Mines |   1206 |   1035 |    171 |      0 |    737 |   2 |  603.0 |
   Elven Halls |   1748 |   1632 |    116 |     12 |    717 |   3 |  582.7 |
         Sewer |    503 |    503 |      0 |      0 |      5 |   1 |  503.0 |
      Ice Cave |    407 |    407 |      0 |      0 |     67 |   1 |  407.0 |
      Gauntlet |    241 |    241 |      0 |      0 |     33 |   1 |  241.0 |
               +--------+--------+--------+--------+--------+-----+--------+

Top non-repeatable levels by time:
     D:9: 920 daAuts
Spider:2: 891 daAuts
   Elf:3: 859 daAuts
  Lair:3: 843 daAuts
   Orc:2: 834 daAuts
    D:10: 804 daAuts
    D:11: 767 daAuts
  Lair:6: 746 daAuts
     D:7: 706 daAuts
 Swamp:4: 665 daAuts
  Lair:5: 662 daAuts
Spider:1: 647 daAuts
     D:3: 638 daAuts
 Swamp:2: 630 daAuts
     D:2: 607 daAuts
